 Dungeon Crawl Stone Soup version 0.29-a0-359-g541a27f54d (webtiles) character file.

Game seed: 3281956788883508430

3659 dracfodder the Cleaver (level 9, -1/81 HPs)
             Began as a Minotaur Abyssal Knight on Apr 28, 2022.
             Was a High Priest of Lugonu.
             Slain by Joseph
             ... wielding a +0 quarterstaff
              (18 damage)
             ... on level 9 of the Dungeon.
             The game lasted 00:29:21 (7935 turns).

dracfodder the Cleaver (Minotaur Abyssal Knight)    Turns: 7935, Time: 00:29:21

Health: -1/81      AC:  0    Str: 22    XL:     9   Next: 89%
Magic:  10/10      EV: 22    Int:  7    God:    Lugonu [*****.]
Gold:   594        SH:  5    Dex: 16    Spells: 8/8 levels left

rFire   . . .      SeeInvis .   (weapon currently unavailable)
rCold   . . .      Faith    .   (shield currently unavailable)
rNeg    . . .      Spirit   .   (body armour currently unavailable)
rPois   .          Reflect  +   (helmet currently unavailable)
rElec   .          Harm     .   (cloak currently unavailable)
rCorr   .          Rampage  .   (gloves currently unavailable)
Will    .....      Clarity  +   (boots currently unavailable)
Stlth   ++........              j - amulet of reflection
HPRegen 0.23/turn               (ring currently unavailable)
MPRegen 0.12/turn               (ring currently unavailable)

@: bat-form (expiring), flying, very quick
A: fast, flying, no casting, tiny, (horns 2), (retaliatory headbutt), (talons
1), clarity
a: Renounce Religion, Depart the Abyss, Bend Space, Banish, Corrupt, Enter the
Abyss


You were on level 9 of the Dungeon.
You worshipped Lugonu.
Lugonu was extremely pleased with you.
You were a bat.
You visited 1 branch of the dungeon, and saw 9 of its levels.
You visited the Abyss 1 time.
You also visited: Sewer.

You collected 594 gold pieces.

Inventory:

Hand Weapons
 a - a +2 war axe of chaos (melded)
 b - a +2 shortbow of freezing
 g - a +2 hand axe of protection
Armour
 t - a +0 pair of gloves (melded)
 w - +2 acid dragon scales (melded)
 y - a +0 pair of boots (melded)
Jewellery
 i - a ring of protection from fire (melded)
 j - an amulet of reflection (around neck)
 k - an amulet of magic regeneration
 r - a ring of wizardry
Wands
 m - a wand of polymorph (16)
 A - a wand of mindburst (28)
 D - a wand of flame (24)
Scrolls
 h - 5 scrolls of identify
 n - 2 scrolls of fog
 s - a scroll of amnesia
 v - a scroll of silence
 z - a scroll of fear
 C - a scroll of summoning
Potions
 c - a potion of resistance
 d - 6 potions of curing
 e - 3 potions of berserk rage
 f - 6 potions of heal wounds
 l - a potion of lignification
 o - a potion of magic
 p - 2 potions of might
 q - a potion of flight
 u - 3 potions of brilliance
 x - a potion of invisibility {unknown}
 B - a potion of haste


   Skills:
 + Level 8.2 Fighting
 + Level 10.5 Axes
 + Level 8.0 Armour
 + Level 4.9 Dodging
 + Level 3.5 Stealth
 + Level 3.2 Shields
 * Level 2.7 Invocations


You had 8 spell levels left.
You didn't know any spells.
Your spell library contained the following spells:

 Spells                   Type           Power      Damage    Failure   Level
 Sting                    Tmut/Pois      0%         1d3       43%         1
 Poisonous Vapours        Pois/Air       0%         N/A       56%         2
 Stone Arrow              Conj/Erth      0%         3d7       80%         3
 Animate Armour           Summ/Erth      0%         N/A       99%         4
 Olgreb's Toxic Radiance  Pois           0%         N/A       99%         4
 Lehudib's Crystal Spear  Conj/Erth      0%         10d2      100%        8


Dungeon Overview and Level Annotations

Branches:
Dungeon (9/15)             Temple (0/1) D:6           Sewer (visited)
   Lair: D:8-11         Orc: D:9-12

Altars:
The Shining One

Shops:
D:6 ((

Annotations:
D:5 2 transporters, zeratav's ghost, amateur DEHu
D:9 Joseph


Innate Abilities, Weirdness & Mutations

You are a bat.
You are tiny and dextrous.
You move quickly.
You are flying.
Your equipment is almost entirely melded.
You are incapable of wielding weapons or throwing items.
You cannot cast spells.
((You have a pair of horns on your head.))
((You reflexively headbutt those who attack you in melee.))
((You have sharp toenails.))
You possess an exceptional clarity of mind.


Message History

Joseph completely misses you. Joseph hits you with a +0 quarterstaff!
You hit Joseph but do no damage.
Joseph is lightly wounded.
You hit Joseph.
Joseph is lightly wounded.
Joseph barely misses you.
You hit Joseph but do no damage.
Joseph is lightly wounded.
Joseph barely misses you.
You hit Joseph.
Joseph is lightly wounded.
You block Joseph's attack.
You hit Joseph.
Joseph is moderately wounded.
Joseph hits you with a +0 quarterstaff!!
* * * LOW HITPOINT WARNING * * *
You hit Joseph but do no damage.
Joseph is moderately wounded.
Joseph barely misses you.
You barely miss Joseph.
Joseph is moderately wounded.
Joseph tries to grin evilly.
Joseph misses you.
You hit Joseph.
Joseph is moderately wounded.
You hit Joseph.
Joseph is moderately wounded.
Joseph misses you.
You hit Joseph.
Joseph is moderately wounded.
Joseph misses you.
You hit Joseph.
Joseph is moderately wounded.
Your transformation is almost over.
You block Joseph's attack.
You hit Joseph but do no damage.
Joseph is moderately wounded.
Joseph hits you with a +0 quarterstaff!!
You die...

......... .............
... ....#+#.............
...##.................#.
......................#.
..... ................#.
...... ...............#.
......##...##.........#.
[.....@b.####...........
........................
........................
).......................
..........###...........
......#...# #.......####
......#...# #.......#
......#...# #.......#
......#..$# #########


You could see Joseph.

Vanquished Creatures
  A wraith (D:9)
  A steam dragon (D:8)
  Menkaure (D:5)
  3 water moccasins
  An acid dragon (D:6)
  An ice beast (D:8)
  2 orc warriors
  3 black bears
  2 centaurs
  3 phantoms
  2 kobold brigands
  A gnoll sergeant (D:6)
  3 necrophages
  4 bullfrogs
  2 scorpions (D:6)
  9 killer bees
  2 howler monkeys (D:8)
  4 hounds
  A jelly (D:6)
  An orc priest (D:9)
  Jessica (D:2)
  Natasha (thrice) (D:2)
  3 orc wizards
  4 gnolls
  6 adders
  An ufetubus (D:6)
  6 worms
  3 dart slugs
  25 orcs
  12 ball pythons
  10 endoplasms
  7 giant cockroaches
  6 goblins
  3 hobgoblins
  8 jackals (D:1)
  10 kobolds
  3 quokkas
  7 bats
  2 frilled lizards
  9 rats
176 creatures vanquished.

Vanquished Creatures (others)
  A centaur (D:9)
1 creature vanquished.

Grand Total: 177 creatures vanquished

Notes
Turn   | Place    | Note
-------+----------+-------------------------------------------
     0 | Abyss:1  | dracfodder the Minotaur Abyssal Knight began the quest for
                  | the Orb.
     0 | Abyss:1  | Reached XP level 1. HP: 19/19 MP: 1/1
    28 | Abyss:1  | Found a corrupted altar of Lugonu.
    36 | D:1      | Escaped the Abyss
   184 | D:1      | Reached ** piety under Lugonu
   185 | D:1      | Reached XP level 2. HP: 24/27 MP: 2/2
   471 | D:1      | Reached XP level 3. HP: 24/34 MP: 3/3
   966 | D:2      | Noticed Natasha
   978 | D:2      | Killed Natasha
   979 | D:2      | Reached skill level 3 in Axes
  1083 | D:2      | Reached XP level 4. HP: 41/41 MP: 4/4
  1318 | D:2      | Noticed Natasha
  1327 | D:2      | Killed Natasha
  1367 | D:2      | Found a faded altar of an unknown god.
  1368 | D:2      | Noticed Jessica
  1374 | D:2      | Killed Jessica
  1417 | D:2      | Noticed Natasha
  1435 | D:2      | Killed Natasha
  1436 | D:2      | Reached XP level 5. HP: 8/47 MP: 5/5
  1903 | D:3      | Reached *** piety under Lugonu
  2015 | D:3      | Reached skill level 4 in Axes
  2054 | D:3      | Reached skill level 5 in Fighting
  2583 | D:4      | Found a glowing golden altar of the Shining One.
  2764 | D:4      | Found a glowing drain.
  2768 | Sewer    | Entered a sewer
  3038 | Sewer    | Reached skill level 5 in Axes
  3038 | Sewer    | Reached skill level 1 in Stealth
  3038 | Sewer    | Reached XP level 6. HP: 24/56 MP: 6/6
  3581 | D:4      | Identified the +2 robe "Bosolami" {rCorr Slay+2}
  4040 | D:5      | Entered Level 5 of the Dungeon
  4278 | D:5      | Reached **** piety under Lugonu
  4279 | D:5      | Reached skill level 5 in Armour
  4279 | D:5      | Reached XP level 7. HP: 42/61 MP: 7/7
  4406 | D:5      | Reached skill level 6 in Axes
  4406 | D:5      | Reached skill level 1 in Shields
  4589 | D:5      | Noticed Menkaure
  4595 | D:5      | Killed Menkaure
  4788 | D:5      | Noticed zeratav's ghost (amateur DEHu)
  4790 | D:5      | Found a transporter.
  4791 | D:5      | Found a transporter.
  4791 | D:5      | Identified the +10 giant spiked club of Upheaval {drain,
                  | MP+9 Stlth+}
  4990 | D:6      | Found Tito's Weapon Shop.
  5000 | D:5      | Reached skill level 7 in Axes
  5000 | D:5      | Reached XP level 8. HP: 55/70 MP: 8/8
  5359 | D:6      | Gained mutation: You are frail. (-10% HP) [potion of
                  | mutation]
  5359 | D:6      | Gained mutation: You have sharp toenails. [potion of
                  | mutation]
  5360 | D:6      | Lost mutation: You are frail. (-10% HP) [potion of
                  | mutation]
  5360 | D:6      | Lost mutation: You have sharp toenails. [potion of
                  | mutation]
  5360 | D:6      | Gained mutation: You have sharp toenails. [potion of
                  | mutation]
  5360 | D:6      | Gained mutation: You possess an exceptional clarity of
                  | mind. [potion of mutation]
  5573 | D:6      | Found Tutese's Antique Weapon Shoppe.
  5610 | D:6      | Found a staircase to the Ecumenical Temple.
  5717 | D:6      | Reached skill level 8 in Axes
  6253 | D:7      | Reached XP level 9. HP: 79/79 MP: 9/9
  6547 | D:7      | Reached skill level 9 in Axes
  7675 | D:9      | Reached skill level 10 in Axes
  7736 | D:9      | Reached ***** piety under Lugonu
  7907 | D:9      | Noticed Joseph
  7935 | D:9      | Slain by Joseph

Illustrated notes

Levels and vault maps discovered:
D:1:      grunt_arrival_lava_bath, layout_rooms
D:2:      layout_rooms, shapermc_ecumenical_altar_mp_highgroup, uniq_natasha,
          uniq_jessica
D:3:      layout_basic, minivault_26
D:4:      layout_loops_ring, mainiacjoe_overflow_catwalk,
          gup_sewer_entry_spiral, hangedman_abyss_or_decor_passed,
          grunt_decor_resistance, kennysheep_generic_room_7
D:5:      layout_loops_ring, gammafunk_ghost_smash, uniq_menkaure
D:6:      layout_rooms, minmay_temple_entry_poolview, serial_shops,
          nicolae_shop_bloodbath_and_beyond, nicolae_shop_stone,
          minmay_stone_trees_medium
D:7:      layout_gridville
D:8:      layout_loops_cross
D:9:      kennysheep_windowed_halls, layout_basic, fountainhead, uniq_joseph

Skill      XL: |  1  2  3  4  5  6  7  8  9 |
---------------+----------------------------+-----
Fighting       | 4 5 7 8 |  8.2
Invocations    | 2 |  2.7
Armour         | 3 4 5 6 7 8 |  8.0
Axes           | 3 5 7 8 10 | 10.5
Dodging        | 2 3 4 |  4.9
Stealth        | 1 2 3 |  3.5
Shields        | 1 2 3 |  3.2

Action                   |  1- 3 |  4- 6 |  7- 9 || total
-------------------------+-------+-------+-------++-------
Melee: Hand axe          |    65 |    60 |       ||   125
       Headbutt          |    10 |    25 |    36 ||    71
       Punch             |       |     2 |     1 ||     3
       War axe           |       |   124 |   170 ||   294
       Unarmed           |       |       |    21 ||    21
Invok: Depart the Abyss  |     1 |       |       ||     1
  Use: Scroll            |     4 |    13 |    12 ||    29
       Potion            |       |       |     3 ||     3
 Stab: Paralysed         |       |     2 |     1 ||     3
       Sleeping          |       |       |     4 ||     4
Armor: Ring mail         |    36 |    63 |    28 ||   127
       Leather armour    |     1 |       |       ||     1
       Acid dragon scale |       |       |    40 ||    40
Dodge: Dodged            |    53 |    82 |   121 ||   256
Block: Other             |       |    15 |    45 ||    60
       Reflection        |       |     1 |     2 ||     3

Table legend: (Time is in decaauts)
 A = Elapsed time spent in this place.
 B = Non-inter-level travel time spent in this place.
 C = Inter-level travel time spent in this place.
 D = Time resting spent in this place.
 E = Time spent auto-exploring this place.
 F = Levels seen in this place.
 G = Mean time per level.
                   A        B        C        D        E       F      G
               +--------+--------+--------+--------+--------+-----+--------+
         Total |   8129 |   7867 |    262 |    987 |   5338 |  11 |  739.0 |
       Dungeon |   7453 |   7191 |    262 |    813 |   5010 |   9 |  828.1 |
         Abyss |     36 |     36 |      0 |      0 |     36 |   1 |   36.0 |
         Sewer |    640 |    640 |      0 |    174 |    292 |   1 |  640.0 |
               +--------+--------+--------+--------+--------+-----+--------+

Top non-repeatable levels by time:
     D:5: 1057 daAuts
     D:6: 965 daAuts
     D:4: 958 daAuts
     D:1: 928 daAuts
     D:2: 855 daAuts
     D:7: 822 daAuts
     D:8: 805 daAuts
     D:3: 788 daAuts
   Sewer: 640 daAuts
     D:9: 270 daAuts
 Abyss:1: 36 daAuts
